 Dungeon Crawl Stone Soup version 0.28-a0-828-g0121872642 (webtiles) character file.

Game seed: 9147633285998404089

910 ytrimaz the Chopper (level 8, 0/61 HPs)
             Began as a Formicid Fighter on Nov 10, 2021.
             Slain by an ogre (9 damage)
             ... on level 5 of the Dungeon.
             The game lasted 00:06:33 (5676 turns).

ytrimaz the Chopper (Formicid Fighter)              Turns: 5676, Time: 00:06:33

Health: 0/61       AC:  9    Str: 29    XL:     8   Next: 30%
Magic:  8/8        EV: 11    Int:  8    God:
Gold:   205        SH:  4    Dex: 10    Spells: 7/7 levels left

rFire   + . .      SeeInvis +   a - +2 war axe (freeze)
rCold   + . .      Faith    .   c - +0 buckler
rNeg    . . .      Spirit   .   m - +3 leather armour {rF+}
rPois   .          Reflect  .   (helmet unavailable)
rElec   .          Harm     .   (no cloak)
rCorr   .          Rampage  .   n - +0 pair of gloves
Will    .....                   h - +0 pair of boots
Stlth   +.........              (no amulet)
HPRegen 0.20/turn               i - ring of protection from cold
MPRegen 0.11/turn               u - +6 ring of strength

@: no status effects
A: permanent stasis, dig shafts and tunnels, antennae 3, four strong arms
a: Dig, Shaft Self


You were on level 5 of the Dungeon.
You visited 1 branch of the dungeon, and saw 5 of its levels.
You also visited: Sewer.

You collected 205 gold pieces.

Inventory:

Hand Weapons
 a - a +2 war axe of freezing (weapon)
Missiles
 j - 4 boomerangs
Armour
 c - a +0 buckler (worn)
 h - a +0 pair of boots (worn)
 m - a +3 leather armour of fire resistance (worn)
 n - a +0 pair of gloves (worn)
Jewellery
 i - a ring of protection from cold (left hand)
 u - a +6 ring of strength (right hand)
Wands
 t - a wand of iceblast (5)
Scrolls
 k - a scroll of fear
 o - a scroll of summoning
Potions
 b - a potion of invisibility {unknown}
 d - a potion of might
 e - 2 potions of curing
 g - a potion of haste {unknown}
 l - a potion of flight {unknown}
 q - a potion of attraction {unknown}
 s - a potion of lignification {unknown}


   Skills:
 + Level 4.5 Fighting
 * Level 7.4 Axes
 + Level 5.2 Armour
 + Level 4.6 Shields


You had 7 spell levels left.
You didn't know any spells.
Your spell library contained the following spells:

 Spells                   Type           Power      Damage    Failure   Level
 Slow                     Hex            0%         N/A       43%         1
 Confusing Touch          Hex            0%         N/A       82%         3
 Yara's Violent Unravell  Hex/Tmut       0%         3d3       100%        5


Dungeon Overview and Level Annotations

Branches:
Dungeon (5/15)              Sewer (visited)
 Temple: D:4-7

Altars:


Innate Abilities, Weirdness & Mutations

You cannot be hasted, slowed, berserked, paralysed or teleported.
You can dig through walls and to a lower floor.
You have a pair of large antennae on your head. (SInv)
Your four strong arms can wield two-handed weapons with a shield.


Message History

A quokka is nearby!
A quokka is nearby!
The quokka bites you. The quokka closely misses you.
You slash the quokka! You freeze the quokka.
You kill the quokka!
No target in view!
No target in view!
You see here a quokka corpse.
There is an open door here.
An ogre comes into view. It is wielding a +0 giant club.
The ogre shouts!
An ogre is nearby!
An ogre is nearby!
There is an open door here.
The ogre hits you with a +0 giant club!!
You completely miss the ogre. The ogre hits you with a +0 giant club!
You are too injured to fight recklessly!
You are too injured to fight recklessly!
You are too injured to fight recklessly!
You are too injured to fight recklessly!
You are too injured to fight recklessly!
You are too injured to fight recklessly!
You are too injured to fight recklessly!
You are too injured to fight recklessly!
You are too injured to fight recklessly!
You are too injured to fight recklessly!
You are too injured to fight recklessly!
You are too injured to fight recklessly!
Unknown command.
You slash the ogre! You freeze the ogre.
The ogre is severely wounded.
The ogre hits you with a +0 giant club!!
* * * LOW HITPOINT WARNING * * *
You hit the ogre but do no damage.
The ogre is severely wounded.
Unknown command.
You hit the ogre. You freeze the ogre.
The ogre is severely wounded.
The ogre hits you with a +0 giant club!
You die...

#..#.#.###.# #
#....†.....# # .
#.##.####### # ..
#.##'## # ... ###.#...##
# .... ..........## #
#.... ####.......## #
#.#...####.........####.
#.....O@.'.........'....
#.......##.........####.
#..#.##.###.......## ##
# # #.# ##.....## #.#
##...## #.# ##'## #.#
#.# #.# #.# ##.##


You could see an ogre.

Vanquished Creatures
  Pargi (Sewer)
  2 ogres (D:5)
  A phantom (D:5)
  2 scorpions (D:4)
  A centaur skeleton (D:4)
  A jelly (D:4)
  A hound (D:4)
  A gnoll shaman (D:5)
  Ijyb (D:4)
  An orc wizard (D:4)
  7 gnolls
  11 adders
  2 river rats (D:3)
  An ufetubus (D:4)
  An adder skeleton (D:4)
  A worm (D:3)
  3 dart slugs (D:1)
  7 orcs
  2 bats
  4 endoplasms
  2 giant cockroaches
  8 hobgoblins
  5 jackals
  5 kobolds
  10 quokkas
  5 ball pythons
  5 frilled lizards
  9 goblins
  A jackal skeleton (D:4)
  3 rats
104 creatures vanquished.

Vanquished Creatures (others)
  2 goblins (D:4)
2 creatures vanquished.

Grand Total: 106 creatures vanquished

Notes
Turn   | Place    | Note
-------+----------+-------------------------------------------
     0 | D:1      | ytrimaz the Formicid Fighter began the quest for the Orb.
     0 | D:1      | Reached XP level 1. HP: 18/18 MP: 1/1
   216 | D:1      | Reached XP level 2. HP: 22/24 MP: 2/2
   594 | D:1      | Reached XP level 3. HP: 25/29 MP: 3/3
   773 | D:1      | Found a faded altar of an unknown god.
  1313 | D:2      | Reached XP level 4. HP: 12/36 MP: 4/4
  1619 | D:2      | Reached skill level 3 in Axes
  2011 | D:3      | Reached XP level 5. HP: 42/42 MP: 5/5
  2041 | D:3      | Reached skill level 4 in Axes
  2461 | D:3      | Found a glowing drain.
  2482 | Sewer    | Entered a sewer
  2733 | Sewer    | Noticed Pargi
  2738 | Sewer    | Killed Pargi
  2739 | Sewer    | Reached XP level 6. HP: 38/48 MP: 6/6
  3025 | D:3      | Reached skill level 5 in Axes
  3548 | D:4      | Reached XP level 7. HP: 52/54 MP: 7/7
  3966 | D:4      | Reached skill level 6 in Axes
  4594 | D:4      | Noticed Ijyb
  4602 | D:4      | Killed Ijyb
  4900 | D:5      | Entered Level 5 of the Dungeon
  4984 | D:5      | Reached skill level 5 in Armour
  5275 | D:5      | Reached XP level 8. HP: 55/61 MP: 8/8
  5326 | D:5      | Reached skill level 7 in Axes
  5676 | D:5      | Slain by an ogre

Illustrated notes

Levels and vault maps discovered:
D:1:      evilmike_arrival_plus, layout_loops_ring,
          shapermc_ecumenical_altar_acropolis
D:2:      layout_basic
D:3:      layout_loops_ring, gup_sewer_entry_spiral
D:4:      kennysheep_goblin_castle, layout_loops_ring
D:5:      layout_loops_corners

Skill      XL: |  1  2  3  4  5  6  7  8 |
---------------+-------------------------+-----
Shields        | 4 |  4.6
Axes           | 3 4 5 6 7 |  7.4
Armour         | 4 5 |  5.2
Fighting       | 4 |  4.5

Action                   |  1- 3 |  4- 6 |  7- 9 || total
-------------------------+-------+-------+-------++-------
Melee: War axe           |    70 |   127 |    98 ||   295
 Abil: Dig               |       |     2 |       ||     2
  Use: Scroll            |     1 |     6 |     6 ||    13
       Potion            |       |     1 |       ||     1
Armor: Scale mail        |    34 |    57 |    37 ||   128
       Leather armour    |       |       |     4 ||     4
Dodge: Dodged            |    44 |    69 |    45 ||   158
Block: Buckler           |    14 |    31 |    17 ||    62

Table legend: (Time is in decaauts)
 A = Elapsed time spent in this place.
 B = Non-inter-level travel time spent in this place.
 C = Inter-level travel time spent in this place.
 D = Time resting spent in this place.
 E = Time spent auto-exploring this place.
 F = Levels seen in this place.
 G = Mean time per level.
                   A        B        C        D        E       F      G
               +--------+--------+--------+--------+--------+-----+--------+
         Total |   5782 |   5664 |    118 |    539 |   4101 |   6 |  963.7 |
       Dungeon |   5505 |   5387 |    118 |    465 |   4101 |   5 | 1101.0 |
         Sewer |    277 |    277 |      0 |     74 |      0 |   1 |  277.0 |
               +--------+--------+--------+--------+--------+-----+--------+

Top non-repeatable levels by time:
     D:4: 1609 daAuts
     D:3: 1294 daAuts
     D:1: 991 daAuts
     D:2: 831 daAuts
     D:5: 779 daAuts
   Sewer: 277 daAuts
